 Dungeon Crawl Stone Soup version 0.23.1 (webtiles) character file.

Game seed: 15269394092801976163

316 Borgoz the Ducker (level 6, -9/50 HPs)
             Began as a Ghoul Enchanter on Mar 3, 2019.
             Shot with an arrow by a centaur (15 damage)
             ... on level 5 of the Dungeon.
             The game lasted 00:08:27 (4936 turns).

Borgoz the Ducker (Ghoul Enchanter)                 Turns: 4936, Time: 00:08:28

Health: -9/50      AC:  2    Str:  8 (12) XL:     6   Next: 44%
Magic:  7/7        EV: 13    Int:  8 (10) God:
Gold:   252        SH:  0    Dex:  9 (11) Spells: 2/8 levels left

rFire    . . .     SeeInvis .   e - +0 short sword
rCold    + . .     Gourm    .   (no shield)
rNeg     + + +     Faith    .   b - +0 robe
rPois    ∞         Spirit   .   (no helmet)
rElec    .         Reflect  .   (no cloak)
rCorr    .         Harm     .   (no gloves)
MR       .....                  (no boots)
Stlth    ++........             (no amulet)
HPRegen  0.00/turn              (no ring)
MPRegen  0.10/turn              (no ring)

@: rotting
A: rotting body, claws 1, carnivore, cold resistance 1, negative energy
resistance 3, inhibited regeneration, torment resistance, unbreathing
a: no special abilities


You were on level 5 of the Dungeon.
You were not hungry.

You visited 1 branch of the dungeon, and saw 5 of its levels.

You collected 252 gold pieces.

Inventory:

Hand Weapons
 e - a +0 short sword (weapon)
Missiles
 w - 11 poisoned needles
Armour
 b - a +0 robe (worn)
 s - a +2 hat
 u - a +0 ring mail
 v - a +0 cloak
Scrolls
 a - 3 scrolls of remove curse
 p - 3 scrolls of fog
 q - 2 scrolls of enchant weapon
Potions
 g - a potion of resistance
 h - a potion of curing
 i - a potion of degeneration
 j - a potion of brilliance
Comestibles
 d - 5 rations


   Skills:
 + Level 2.5 Fighting
 * Level 3.3 Short Blades
 + Level 1.8 Armour
 * Level 3.7 Dodging
 - Level 3.2 Stealth
 - Level 1.7 Spellcasting
 - Level 2.4 Hexes


You had 2 spell levels left.
You knew the following spells:

 Your Spells              Type           Power        Failure   Level  Hunger
a - Corona                Hex            #......      14%         1    ##.....
b - Ensorcelled Hibernat  Hex/Ice        #.....       34%         2    ###....
c - Confuse               Hex            #.......     38%         3    ####...

Your spell library contained the following spells:

 Spells                   Type           Power        Failure   Level  Hunger
 Tukima's Dance           Hex            #.......     38%         3    ####...
 Dazzling Spray           Conj/Hex       #.....       56%         3    ####...


Dungeon Overview and Level Annotations

Branches:
Dungeon (5/15)
 Temple: D:4-7

Altars:
Gozag

Annotations:
D:3 3 runed translucent doors, Nr616's ghost, amateur TrHu


Innate Abilities, Weirdness & Mutations

Your body is rotting away.
You thrive on raw meat.
You are immune to poison.
You have sharp fingernails.
You are carnivorous and can eat meat at any time.
Your flesh is cold resistant. (rC+)
You are immune to negative energy. (rN+++)
You do not regenerate when monsters are visible.
You are immune to unholy pain and torment.
You can survive without breathing.


Message History

A centaur comes into view.
The crimson imp hits you but does no damage.
You closely miss the crimson imp.
The centaur shouts!
You hear a shout!
The centaur wields a +0 shortbow.
The centaur shoots an arrow.
The arrow closely misses you. The crimson imp hits you.
You miss the crimson imp.
The centaur shoots an arrow.
The arrow closely misses you. The crimson imp hits you.
The centaur shoots an arrow.
The arrow hits you!
An orc comes into view. It is wielding a +0 trident.
The crimson imp closely misses you.
The centaur shoots an arrow.
The arrow hits you!
* * * LOW HITPOINT WARNING * * *
You see here 2 arrows.
The centaur shoots an arrow.
The arrow hits you!
* * * LOW HITPOINT WARNING * * *
The crimson imp misses you.
The crimson imp blinks!
The orc closely misses you.
The centaur shoots an arrow.
The arrow hits you!
You die...

.w ...... .........
......... ######
..........###.##.##
.........##.#.....#
.........#..§((?..#
.........#@...#...#
.......c.....##..(##
........o...###....#
#...........###..##
#..#....5.### #.## .
##.....# ### #....##
##.### ###


You could see a centaur, a crimson imp and an orc.

Vanquished Creatures
  A bullfrog skeleton (D:4)
  A hound (D:4)
  3 worker ants
  7 adders
  4 oozes
  6 worms
  3 dart slugs
  3 leopard geckos
  3 orcs
  5 bats
  8 giant cockroaches
  6 goblins
  5 hobgoblins
  5 jackals (D:3)
  6 kobolds
  A quokka (D:3)
  4 ball pythons
  4 frilled lizards
  9 rats
84 creatures vanquished.

Notes
Turn   | Place    | Note
-------+----------+-------------------------------------------
     0 | D:1      | Borgoz the Ghoul Enchanter began the quest for the Orb.
     0 | D:1      | Reached XP level 1. HP: 14/14 MP: 2/2
    32 | D:1      | Reached skill level 1 in Short Blades
   341 | D:1      | Reached XP level 2. HP: 11/22 MP: 3/3
   869 | D:1      | Reached XP level 3. HP: 16/27 MP: 4/4
  1029 | D:1      | Reached skill level 1 in Fighting
  1618 | D:2      | Reached skill level 1 in Armour
  1618 | D:2      | Reached XP level 4. HP: 33/35 MP: 5/5
  2637 | D:1      | Learned a level 2 spell: Ensorcelled Hibernation
  2641 | D:1      | Learned a level 3 spell: Confuse
  2753 | D:3      | Reached XP level 5. HP: 40/40 MP: 6/6
  3191 | D:3      | Found a runed translucent gate.
  3191 | D:3      | Found a runed translucent gate.
  3192 | D:3      | Found a runed translucent gate.
  3202 | D:3      | Noticed Nr616's ghost (amateur TrHu)
  4263 | D:4      | Reached XP level 6. HP: 34/48 MP: 7/7
  4313 | D:4      | Found an opulent altar of Gozag.
  4675 | D:4      | Noticed a two-headed ogre
  4683 | D:5      | Entered Level 5 of the Dungeon
  4936 | D:5      | Shot with an arrow by a centaur

Skill      XL: |  1  2  3  4  5 |
---------------+----------------+-----
Short Blades   | 1 2 3 |  3.3
Dodging        | 2 3 |  3.7
Fighting       | 1 2 |  2.5
Armour         | 1 |  1.8
Stealth        | |  3.2
Spellcasting   | |  1.7
Hexes          | |  2.4

Action                   |  1- 3 |  4- 6 || total
-------------------------+-------+-------++-------
Melee: Short sword       |   131 |   401 ||   532
       Dagger            |     3 |       ||     3
 Cast: Ensorcelled Hiber |       |     4 ||     4
  Use: Potion            |       |    10 ||    10
       Scroll            |       |    10 ||    10
 Stab: Sleeping          |     6 |    12 ||    18
       Distracted        |     1 |       ||     1
       Invisible         |       |     4 ||     4
  Eat: Chunk             |     8 |    28 ||    36
Armor: Robe              |    21 |    44 ||    65
Dodge: Dodged            |    92 |   275 ||   367
